 Dungeon Crawl Stone Soup version 0.22-a0-448-g1fb7470 (webtiles) character file.

212 wazuzu the Cleaver (level 5, -4/40 HPs)
             Began as a Hill Orc Monk on June 4, 2018.
             Killed from afar by Natasha (6 damage)
             ... with a magic dart
             ... on level 3 of the Dungeon.
             The game lasted 00:04:22 (2889 turns).

wazuzu the Cleaver (Hill Orc Monk)                  Turns: 2889, Time: 00:04:22

Health: -4/40      AC:  9    Str: 13 (15) XL:     5   Next: 89%
Magic:  5/5        EV:  6    Int:  9 (10) God:
Gold:   159        SH:  0    Dex: 15      Spells: 4/4 levels left

rFire    + . .     SeeInvis .   a - +0 hand axe
rCold    . . .     Gourm    .   (no shield)
rNeg     . . .     Faith    .   g - +0 chain mail
rPois    .         Spirit   .   (no helmet)
rElec    .         Reflect  .   (no cloak)
rCorr    .         Harm     .   t - +0 pair of gloves
MR       .....     Rnd*Rage +   (no boots)
Stlth    ..........             (no amulet)
HPRegen  0.13/turn              (no ring)
MPRegen  0.09/turn              (no ring)

@: berserk cooldown, slowed, very slow
A: agile 1, berserk 1, fire resistance 1, frail 1
a: no special abilities


You were on level 3 of the Dungeon.
You were very hungry.

You visited 1 branch of the dungeon, and saw 3 of its levels.

You collected 159 gold pieces.

Inventory:

Hand Weapons
 a - a +0 hand axe (weapon)
Missiles
 i - 75 stones (quivered)
Armour
 g - a +0 chain mail (worn)
 q - a +0 helmet
 t - a +0 pair of gloves (worn)
Jewellery
 n - a cursed -2 ring of evasion {unknown}
Scrolls
 b - a scroll of teleportation {unknown}
 d - a scroll of enchant weapon {unknown}
 e - 2 scrolls of immolation {unknown}
 h - 2 scrolls of identify {unknown}
 j - a scroll of amnesia {unknown}
 k - 4 scrolls of magic mapping {unknown}
 r - a scroll of remove curse {unknown}
 s - a scroll of random uselessness {unknown}
Potions
 f - a potion of curing
 l - a potion of degeneration
 m - a potion of berserk rage {unknown}
 p - a potion of cancellation
Comestibles
 c - 2 rations
 o - 3 chunks of flesh


   Skills:
 - Level 3.6 Fighting
 + Level 8.4 Axes
 - Level 2.4 Dodging
 - Level 1.5 Stealth


You had 4 spell levels left.
You didn't know any spells.
Your spell library was empty.

Dungeon Overview and Level Annotations

Branches:
Dungeon (3/15)

Altars:
Beogh

Annotations:
D:3 Natasha


Innate Abilities, Weirdness & Mutations

You are agile. (Dex +2)
You tend to lose your temper in combat.
Your flesh is heat resistant. (rF+)
You are frail. (-10% HP)


Message History

Natasha is severely wounded.
Natasha casts a spell at you. The magic dart hits you!
You hit Natasha but do no damage.
Natasha is severely wounded.
Natasha casts a spell at you. You resist with some effort. Natasha claws you!
* * * LOW HITPOINT WARNING * * *
You hit Natasha but do no damage.
Natasha is severely wounded.
Natasha closely misses you.
You hit Natasha but do no damage.
Natasha is severely wounded.
Natasha stares at you and mumbles some strange words.
You resist with some effort.
You hit Natasha.
Natasha is almost dead.
Natasha stares at you and mumbles some strange words.
The magic dart hits you!
You die...

#..# #..#
.....## #..#
.......
#..##.....##
#..##.......
#..#......
#h).....# #
#@##....###!#
##............
#)............
#)###....###.
#)# #....# #.#
#....# #.#
#....###.#
##.###........#
#...##..........


You could see Natasha.

Vanquished Creatures
  An orc priest (D:3)
  An orc wizard (D:2)
  Natasha (D:3)
  Robin (D:3)
  3 adders
  2 oozes
  A worm (D:2)
  4 dart slugs
  3 leopard geckos
  2 orcs
  5 bats
  4 giant cockroaches
  11 goblins
  9 hobgoblins
  6 jackals
  6 kobolds (D:1)
  2 frilled lizards
  5 rats
67 creatures vanquished.

Vanquished Creatures (others)
  A giant cockroach (D:1)
1 creature vanquished.

Grand Total: 68 creatures vanquished

Notes
Turn   | Place    | Note
-------+----------+-------------------------------------------
     0 | D:1      | wazuzu the Hill Orc Monk began the quest for the Orb.
     0 | D:1      | Reached XP level 1. HP: 19/19 MP: 1/1
    99 | D:1      | Reached XP level 2. HP: 26/26 MP: 2/2
   156 | D:1      | Reached skill level 5 in Axes
   551 | D:1      | Reached XP level 3. HP: 31/31 MP: 3/3
  1338 | D:2      | Reached skill level 6 in Axes
  1571 | D:2      | Reached XP level 4. HP: 28/39 MP: 4/4
  2530 | D:3      | Found a roughly hewn altar of Beogh.
  2558 | D:2      | Reached skill level 7 in Axes
  2568 | D:2      | Reached XP level 5. HP: 16/45 MP: 5/5
  2803 | D:3      | Noticed Natasha
  2804 | D:3      | Noticed Robin
  2844 | D:3      | Reached skill level 8 in Axes
  2850 | D:3      | Killed Natasha
  2852 | D:3      | Gained mutation: You are agile. (Dex +2) [potion of mutation]
  2852 | D:3      | Gained mutation: You are frail. (-10% HP) [potion of mutation]
  2852 | D:3      | Gained mutation: You tend to lose your temper in combat. [potion of mutation]
  2852 | D:3      | Gained mutation: Your flesh is heat resistant. (rF+) [potion of mutation]
  2872 | D:3      | Killed Robin
  2878 | D:3      | Noticed Natasha
  2886 | D:3      | HP: 2/40 [Natasha (7)]
  2889 | D:3      | Killed from afar by Natasha

Vault maps used:
D:1:      ebering_hopf_link
D:3:      nicolae_gozag_cash_rules_everything_around_me, portal_sewer_entry_d,
          kennysheep_orc_chapel, uniq_natasha, uniq_robin

Skill      XL: |  1  2  3  4  5 |
---------------+----------------+-----
Axes           | 5 6 7 8 |  8.4
Fighting       | |  3.6
Dodging        | |  2.4
Stealth        | |  1.5

Action                   |  1- 3 |  4- 6 || total
-------------------------+-------+-------++-------
Melee: Hand axe          |   129 |   146 ||   275
  Use: Potion            |       |     4 ||     4
 Stab: Sleeping          |     1 |       ||     1
  Eat: Ration            |     1 |       ||     1
       Chunk             |       |     2 ||     2
Armor: Robe              |     6 |       ||     6
       Chain mail        |    70 |    83 ||   153
Dodge: Dodged            |    53 |    36 ||    89

Table legend:
 A = Spawn XP
 B = Non-spawn XP
 C = Spawn XP percentage of total XP
 D = Spawn monster count
 E = Non-spawn monster count
 F = Spawn count percentage of total count
 G = Total turns spent on level
                    A         B        C        D         E        F      G
               +---------+---------+-------+---------+---------+-------+---------
         Total |       0 |     303 |   0.0 |       0 |      67 |   0.0 |  2889
               +---------+---------+-------+---------+---------+-------+---------
           D:1 |       0 |      55 |   0.0 |       0 |      28 |   0.0 |  1323
           D:2 |       0 |     110 |   0.0 |       0 |      22 |   0.0 |  1372
           D:3 |       0 |     138 |   0.0 |       0 |      17 |   0.0 |   194
               +---------+---------+-------+---------+---------+-------+---------
